 Dungeon Crawl Stone Soup version 0.25.1-2-g60ff931df9 (webtiles) character file.

Game seed: 17474349683988267333

884 Drachen the Magician (level 7, -6/52 HPs)
             Began as a Demigod Fire Elementalist on Oct 15, 2020.
             Shot with an arrow by a centaur (8 damage)
             ... on level 6 of the Dungeon.
             The game lasted 00:17:27 (5823 turns).

Drachen the Magician (Demigod Fire Elementalist)    Turns: 5823, Time: 00:17:28

Health: -6/52      AC:  8    Str: 11    XL:     7   Next: 47%
Magic:  18/18      EV:  9    Int: 29    God:
Gold:   253        SH:  0    Dex: 16    Spells: 8/16 levels left

rFire    + . .     SeeInvis .   s - +3 mace
rCold    + . .     Gourm    .   (no shield)
rNeg     . . .     Faith    .   a - +1 robe
rPois    +         Spirit   .   (helmet restricted)
rElec    +         Reflect  .   (no cloak)
rCorr    +         Harm     .   p - +2 pair of gloves
MR       .....                  (no boots)
Stlth    ++........             h - amulet of magic regeneration
HPRegen  0.17/turn              b - +6 ring of intelligence
MPRegen  0.41/turn              l - -4 ring of evasion (curse)

@: resistant, flying
A: horns 1, iridescent scales 1, high mp 1
a: no special abilities


You were on level 6 of the Dungeon.
You were not hungry.

You visited 1 branch of the dungeon, and saw 6 of its levels.

You collected 253 gold pieces.

Inventory:

Hand Weapons
 s - a +3 mace (weapon)
Missiles
 d - 6 atropa-tipped darts (quivered)
Armour
 a - a +1 robe (worn)
 o - a +0 helmet
 p - a +2 pair of gloves (worn)
Jewellery
 b - a +6 ring of intelligence (left hand)
 h - an amulet of magic regeneration (around neck)
 l - a cursed -4 ring of evasion (right hand)
Scrolls
 i - a scroll of enchant weapon
 k - 3 scrolls of identify
 q - a scroll of torment {unknown}
 r - a scroll of noise
Potions
 e - a potion of brilliance
 m - a potion of mutation
 n - 2 potions of flight
 t - a potion of lignification {unknown}
Comestibles
 c - 6 rations
 u - a chunk of flesh


   Skills:
 + Level 1.2 Fighting
 + Level 2.4 Dodging
 - Level 2.0 Stealth
 + Level 5.1 Spellcasting
 + Level 4.2 Conjurations
 + Level 4.2 Fire Magic


You had 8 spell levels left.
You knew the following spells:

 Your Spells              Type           Power        Failure   Level  Hunger
a - Foxfire               Conj/Fire      ####         1%          1    None
b - Conjure Flame         Conj/Fire      ####....     3%          3    None
c - Sticky Flame          Conj/Fire      ####....     11%         4    ###....

Your spell library contained the following spells:

 Spells                   Type           Power        Failure   Level  Hunger
 Inner Flame              Hex/Fire       ###.....     8%          3    None
 Fireball                 Conj/Fire      ####......   30%         5    #####..


Dungeon Overview and Level Annotations

Branches:
Dungeon (6/15)
 Temple: D:4-7


Innate Abilities, Weirdness & Mutations

You have an increased reservoir of magic. (+10% MP)
You have a pair of small horns on your head.
You are partially covered in iridescent scales. (AC +2)


Message History

The centaur shoots an arrow.
The arrow hits you!
* * * LOW HITPOINT WARNING * * *
Okay, then.
Okay, then.
You aren't carrying any items that you can evoke.
Okay, then.
Okay, then.
It was a potion of resistance.
You feel protected.
The centaur shoots an arrow.
The arrow barely misses you.
It was a potion of heal wounds.
You feel much better.
The centaur shoots an arrow.
The arrow hits you!
The centaur shoots an arrow.
The arrow hits you!
* * * LOW HITPOINT WARNING * * *
The centaur shoots an arrow.
The arrow hits you.
* * * LOW HITPOINT WARNING * * *
You see here 2 arrows.
Okay, then.
The centaur shoots an arrow.
The arrow hits you!
You die...

#######################
#.........@.(((ยง.c?...(
#)#####################
#.# #.# # #.# .######.#
#.....#.######
...............
#..........####


You could see a centaur.

Vanquished Creatures
  A sky beast (D:6)
  A phantom (D:5)
  An ogre (D:5)
  A wight (D:6)
  A crimson imp (D:6)
  2 hounds (D:5)
  A centaur skeleton (D:4)
  An orc priest (D:6)
  A jelly (D:5)
  3 orc wizards
  3 worker ants
  A worker ant zombie (D:5)
  10 gnolls
  5 adders
  2 shadow imps
  An ooze (D:1)
  An adder skeleton (D:5)
  A worm (D:2)
  A dart slug (D:1)
  4 leopard geckos
  10 orcs
  4 goblins
  6 hobgoblins
  2 quokkas (D:3)
  3 ball pythons
  A ball python skeleton (D:5)
  7 bats
  A frilled lizard (D:3)
  5 kobolds
  4 rats
85 creatures vanquished.

Vanquished Creatures (others)
  307 foxfires
307 creatures vanquished.

Grand Total: 392 creatures vanquished

Notes
Turn   | Place    | Note
-------+----------+-------------------------------------------
     0 | D:1      | Drachen the Demigod Fire Elementalist began the quest for
                  | the Orb.
     0 | D:1      | Reached XP level 1. HP: 14/14 MP: 5/5
   122 | D:1      | Reached skill level 1 in Conjurations
   424 | D:1      | Reached XP level 2. HP: 20/20 MP: 2/7
   439 | D:1      | Reached skill level 2 in Spellcasting
  1208 | D:2      | Reached XP level 3. HP: 20/26 MP: 4/8
  1814 | D:2      | Reached XP level 4. HP: 33/33 MP: 1/9
  2101 | D:3      | Found a stormy altar of Qazlal.
  2547 | D:3      | Found a shimmering altar of Xom.
  2715 | D:3      | Reached XP level 5. HP: 38/38 MP: 9/11
  2792 | D:3      | Found a bloodstained altar of Trog.
  4151 | D:5      | Entered Level 5 of the Dungeon
  4317 | D:5      | Found a glowing golden altar of the Shining One.
  4362 | D:5      | Reached skill level 3 in Spellcasting
  4364 | D:5      | Reached XP level 6. HP: 16/45 MP: 11/13
  4842 | D:5      | Found a bloodstained altar of Trog.
  4887 | D:5      | Reached skill level 4 in Spellcasting
  5094 | D:5      | Found a shimmering altar of Xom.
  5147 | D:5      | Found a shadowy altar of Dithmenos.
  5175 | D:5      | Reached skill level 5 in Spellcasting
  5175 | D:5      | Reached XP level 7. HP: 34/50 MP: 12/17
  5310 | D:5      | Found a hide-covered altar of Uskayaw.
  5488 | D:6      | Learned a level 3 spell: Conjure Flame
  5493 | D:6      | Learned a level 4 spell: Sticky Flame
  5676 | D:6      | Reached skill level 1 in Fighting
  5818 | D:6      | Gained mutation: You have a pair of small horns on your
                  | head. [potion of mutation]
  5818 | D:6      | Gained mutation: You are partially covered in iridescent
                  | scales. (AC +2) [potion of mutation]
  5821 | D:6      | HP: 2/52 [centaur/arrow (6)]
  5823 | D:6      | Shot with an arrow by a centaur

Illustrated notes

Levels and vault maps discovered:
D:1:      dpeg_arrival_tiny_a, layout_loops_cross
D:2:      layout_basic
D:3:      layout_loops_cross, nicolae_overflow_crystal_walls,
          overflow_temple_1_default, nicolae_overflow_hidden_temple,
          grunt_ministairs_14
D:4:      layout_basic
D:5:      layout_cave_pools, lemuel_round_altar, first_ration,
          hangedman_feature_mirror, hangedman_feature_mirror
D:6:      layout_basic, minmay_temple_entry_statues_fountains, st_stairs_4

Skill      XL: |  1  2  3  4  5  6  7 |
---------------+----------------------+-----
Conjurations   | 1 2 3 4 |  4.2
Stealth        | 2 |  2.0
Dodging        | 2 |  2.4
Spellcasting   | 2 3 5 |  5.1
Fire Magic     | 3 4 |  4.2
Fighting       | 1 |  1.2

Action                   |  1- 3 |  4- 6 |  7- 9 || total
-------------------------+-------+-------+-------++-------
Melee: Unarmed           |     2 |     1 |       ||     3
       Mace              |       |       |    55 ||    55
Throw: Dart              |       |       |     1 ||     1
 Cast: Foxfire           |    50 |   102 |    25 ||   177
       Conjure Flame     |       |       |     1 ||     1
  Use: Scroll            |     3 |     2 |     2 ||     7
       Potion            |       |     2 |     5 ||     7
 Stab: Sleeping          |     1 |       |       ||     1
  Eat: Chunk             |     2 |     7 |     2 ||    11
       Ration            |       |     1 |       ||     1
Armor: Robe              |     7 |    18 |    39 ||    64
Dodge: Dodged            |    22 |    24 |    40 ||    86
